 Dungeon Crawl Stone Soup version 0.31.0-2-g5a2aebc5c2 (webtiles) character file.

Game seed: 8107083762171422314

28 groovy9 the Trooper (level 3, 33/33 HPs)
             Began as a Hill Orc Fighter on Jan 21, 2024.
             Was a Follower of Fedhas.
             Quit the game on level 1 of the Dungeon.
             The game lasted 00:02:04 (432 turns).

groovy9 the Trooper (Hill Orc Fighter)               Turns: 432, Time: 00:02:04

Health: 33/33      AC:  6    Str: 20    XL:     3   Next: 14%
Magic:  3/3        EV:  9    Int:  8    God:    Fedhas [*.....]
Gold:   55         SH:  4    Dex: 10    Spells: 2/2 levels left

rFire   . . .        a - +0 war axe
rCold   . . .        c - +0 buckler
rNeg    . . .        b - +0 scale mail
rPois   .            (no helmet)
rElec   .            (no cloak)
rCorr   .            (no gloves)
SInv    .            (no boots)
Will    .....        (no amulet) Stlth
                     (no ring)
HPRegen 0.25/turn    (no ring)
MPRegen 0.08/turn

%: no passive effects
@: no status effects
A: no striking features
a: Renounce Religion


You were on level 1 of the Dungeon.
You worshipped Fedhas.
Fedhas was aware of your devotion.
You visited 1 branch of the dungeon, and saw 1 of its levels.

You collected 68 gold pieces.
You spent 13 gold pieces at shops.

Inventory:

Hand Weapons
 a - a +0 war axe (weapon)
Armour
 b - a +0 scale mail (worn)
 c - a +0 buckler (worn)
Scrolls
 e - 2 scrolls of noise
 f - 2 scrolls of identify {unknown}
 g - a scroll of fog {unknown}
 h - a scroll of revelation {unknown}
Potions
 d - a potion of might
 i - a potion of haste {unknown}


   Skills:
 + Level 4.0 Fighting
 * Level 3.9 Axes
 + Level 3.6 Armour
 - Level 3.2 Shields


You had 2 spell levels left.
You didn't know any spells.
Your spell library contained the following spells:

 Spells                   Type           Power      Damage    Failure   Level
 Ignite Poison            Fire/Alch      0%         N/A       100%        4
 Sticky Flame             Fire/Alch      0%         2d4       100%        4
 Ignition                 Fire           0%         3d3       100%        8


Dungeon Overview and Level Annotations

Branches:
Dungeon (1/15)

Altars:
Fedhas

Shops:
D:1 *


Message History

You are too injured to fight recklessly!
You are too injured to fight recklessly!
You are too injured to fight recklessly!
You are too injured to fight recklessly!
You are too injured to fight recklessly!
You are too injured to fight recklessly!
You are too injured to fight recklessly!
You are too injured to fight recklessly!
You closely miss the gnoll. The gnoll misses you.
You closely miss the gnoll. The gnoll completely misses you.
The gnoll barely misses you.
You barely miss the gnoll. The gnoll hits you with a +0 club.
You hit the gnoll.
The gnoll is lightly wounded.
The gnoll barely misses you. x2
You slash the gnoll!
The gnoll is severely wounded.
The gnoll hits you with a +0 club.
You barely miss the gnoll.
The gnoll is severely wounded.
The gnoll misses you.
You slash the gnoll!
You kill the gnoll!
Your Fighting skill increases to level 4!
You have reached level 3!
Your experience leads to an increase in your attributes!
Increase (S)trength, (I)ntelligence, or (D)exterity?
You feel stronger. x2
You open the door.
There is an open door here.
There is an open door here.
You open the door.
Found a faded altar of an unknown god.
There is an open door here.
There is a faded altar of an unknown god here.
This altar belongs to (a) Fedhas, (b) Gozag or (c) Uskayaw, but you can't tell which.
Press the corresponding letter to learn more about a god, or press enter to convert or escape to cancel.
Fedhas accepts your prayer! Fedhas welcomes you!
The plants of the dungeon cease their hostilities.
Are you sure you want to abandon this character and quit the game? (Confirm with "yes".)

################# #....
##........#......######....
#...............†..........
##.♣♣♣♣♣♣..#......###.......
#..♣÷♣PP♣♣............##....
#.#####..♣♣.......##########
#.#...#PPP♣♣......#
#.♣...#P.♣.♣♣.....#
#.'[8.'....@♣.....#
#.♣...#P..♣♣♣.....#
#.#...#.P.♣♣......#
#.#####PP♣♣..#.####
#.)♣÷♣♣P♣♣..#(.# ####
#..♣♣♣♣♣♣..#..## #..#
#............## ##.####
#.######...### #.##.. #.#
##### #.##.#


There were no monsters in sight!

Vanquished Creatures
  A gnoll (D:1)
  A dart slug (D:1)
  A ball python (D:1)
  A giant cockroach (D:1)
  A goblin (D:1)
  3 hobgoblins (D:1)
  2 kobolds (D:1)
  A bat (D:1)
  A frilled lizard (D:1)
  6 rats (D:1)
18 creatures vanquished.

Notes
Turn   | Place    | Note
-------+----------+-------------------------------------------
     0 | D:1      | groovy9 the Hill Orc Fighter began the quest for the Orb.
     0 | D:1      | Reached XP level 1. HP: 19/19 MP: 1/1
    34 | D:1      | Found Ylu Igikk's General Store.
    52 | D:1      | Bought a scroll of noise for 13 gold pieces
    82 | D:1      | Reached XP level 2. HP: 27/27 MP: 2/2
   347 | D:1      | Reached skill level 4 in Fighting
   347 | D:1      | Reached XP level 3. HP: 22/33 MP: 3/3
   424 | D:1      | Found a faded altar of an unknown god.
   431 | D:1      | Prayed at the altar of an unknown god.
   431 | D:1      | Became a worshipper of Fedhas Madash
   431 | D:1      | Reached * piety under Fedhas
   432 | D:1      | Quit the game

Illustrated notes

Levels and vault maps discovered:
D:1:      dpeg_arrival_rooms_b, layout_rooms,
          dilly_ecumenical_altar_fadedgnrine, serial_shops, shop,
          minmay_tromino_v7

Skill      XL: |  1  2 |
---------------+-------+-----
Axes           | 3 |  3.9
Fighting       | 4 |  4.0
Armour         | |  3.6
Shields        | |  3.2

Action                     || total
---------------------------++-------
  Melee: War axe           ||    45
 Armour: Scale mail        ||    22
  Dodge: Dodged            ||    21
  Block: Buckler           ||     4
